cohdb
Replays
Latest Replays
All Replays
Popular Replays
Top Player Replays
Match Explorer
How It Works
Community
CoH3 Stats
Reddit
Sign in to upload your games and track your stats! →
Sign in with Steam
Match 42119093
Unlisted
Match 42119093
Overview
Messages
Build Orders
End
Royal Engineer Section
Vickers Machine Gun Team
Selects Heavy Armor Battlegroup
Construct Section Command Post
Dingo Light Scout Car
Infantry Section
Selects Rigorous Vehicle Training
Construct Platoon Command Post
Infantry Section
Humber Armored Car
Selects Forward Repair Assembly
Humber Armored Car
Selects Light Vehicle Withdraw and Refit
Light Vehicle Withdraw and Refit
Light Vehicle Withdraw and Refit
Construct Company Command Post
Infantry Section
Infantry Section
Matilda II Heavy Tank
Foot Guards Section
Armored Vehicle Training
Light Vehicle Withdraw and Refit
Infantry Training
Crusader II Medium Tank
BeerGrills
Harabas
Wolfens
ConcernedApe
0
0
Comments
sign in to comment!
No comments posted yet!